 Dungeon Crawl Stone Soup version 0.29.1-12-g30fa7ad0bf (webtiles) character file.

Game seed: 2593193283002712343

606 tkbsonic5 the Shooter (level 7, -1/61 HPs)
             Began as a Minotaur Hunter on Jan 8, 2023.
             Was an Initiate of Gozag.
             Slain by Pikel
             ... wielding a +2 whip of freezing
              (2 damage)
             ... on level 5 of the Dungeon.
             The game lasted 00:23:51 (3981 turns).

tkbsonic5 the Shooter (Minotaur Hunter)             Turns: 3981, Time: 00:23:52

Health: -1/61      AC:  5    Str: 16    XL:     7   Next: 19%
Magic:  7/7        EV: 12    Int:  6    God:    Gozag
Gold:   88         SH:  0    Dex: 15    Spells: 2/8 levels left

rFire   . . .      SeeInvis .   n - +2 short sword (speed)
rCold   + . .      Faith    .   (no shield)
rNeg    . . .      Spirit   .   c - +0 leather armour
rPois   .          Reflect  .   (helmet restricted)
rElec   .          Harm     .   l - +0 cloak
rCorr   .          Rampage  .   p - +0 pair of gloves
Will    .....                   (no boots)
Stlth   +.........              (no amulet)
HPRegen 0.20/turn               e - ring of protection from cold
MPRegen 0.10/turn               (no ring)

@: weak-willed, invisible
A: horns 2, retaliatory headbutt
a: Renounce Religion, Potion Petition, Call Merchant, Bribe Branch


You were on level 5 of the Dungeon.
You worshipped Gozag.
Gozag was noncommittal.
You visited 1 branch of the dungeon, and saw 5 of its levels.

You collected 587 gold pieces.
You spent 478 gold pieces at shops.
You paid 21 gold pieces to Gozag.

Inventory:

Hand Weapons
 a - a +1 shortbow
 g - a +0 trident
 i - a +4 dagger
 n - a +2 short sword of speed (weapon)
 C - a +0 mace
Missiles
 o - 8 boomerangs
 v - 4 atropa-tipped darts
Armour
 c - a +0 leather armour (worn)
 l - a +0 cloak (worn)
 p - a +0 pair of gloves (worn)
Jewellery
 e - a ring of protection from cold (left hand)
Wands
 d - a wand of quicksilver (7)
 s - a wand of iceblast (16) (quivered)
Scrolls
 b - a scroll of immolation
 t - a scroll of vulnerability
 u - a scroll of amnesia
Potions
 h - a potion of flight
 j - a potion of brilliance
 z - a potion of mutation
Miscellaneous
 x - a piece from Xom's chessboard (15/15)


   Skills:
 * Level 5.0 Fighting
 - Level 1.0 Short Blades
 * Level 0.1 Polearms
 * Level 5.9 Ranged Weapons
 + Level 4.0 Armour
 * Level 2.6 Dodging
 - Level 0.7 Stealth
 + Level 1.2 Spellcasting
 + Level 1.2 Conjurations
 + Level 1.3 Air Magic
 + Level 0.2 Poison Magic
 + Level 0.4 Evocations


You had 2 spell levels left.
You knew the following spells:

 Your Spells              Type           Power      Damage    Failure   Level
a - Shock                 Conj/Air       4%         1d3       30%         1
b - Poisonous Vapours     Pois/Air       2%         N/A       50%         2
c - Swiftness             Air            1%         N/A       67%         3

Your spell library contained the following spells:

 Spells                   Type           Power      Damage    Failure   Level
 Tukima's Dance           Hex            0%         N/A       85%         3
 Airstrike                Air            0%         2d(1-17)  97%         4
 Passage of Golubria      Tloc           0%         N/A       99%         4
 Yara's Violent Unravell  Hex/Tmut       0%         3d3       100%        5
 Corpse Rot               Necr/Pois/Air  Unusable   N/A       N/A         4

Dungeon Overview and Level Annotations

Branches:
Dungeon (5/15)
 Temple: D:4-7

Altars:
Gozag

Shops:
D:4 *

Annotations:
D:5 Pikel


Innate Abilities, Weirdness & Mutations

You have a pair of horns on your head.
You reflexively headbutt those who attack you in melee.


Message History

Pikel freezes you.
* * * LOW HITPOINT WARNING * * *
The lemure hits you.
* * * LOW HITPOINT WARNING * * *
You closely miss the lemure. Your headbutt misses the lemure.
The lemure is almost dead.
You bump into the rock wall.
The lemure hits you.
* * * LOW HITPOINT WARNING * * *
Pikel closely misses you.
You hit the lemure.
You kill the lemure!
That felt strangely unrewarding.
Pikel hits you with a +2 whip of freezing.
* * * LOW HITPOINT WARNING * * *
Pikel freezes you.
* * * LOW HITPOINT WARNING * * *
You completely miss the lemure.
Pikel hits you with a +2 whip of freezing.
* * * LOW HITPOINT WARNING * * *
The lemure closely misses you.
You bump into the rock wall.
You feel less invigorated.
You feel less confused.
Pikel hits you with a +2 whip of freezing!
* * * LOW HITPOINT WARNING * * *
The lemure hits you.
* * * LOW HITPOINT WARNING * * *
You hit the lemure but do no damage. Pikel hits you but does no damage.
The lemure completely misses you. You furiously retaliate!
You headbutt the lemure. You hit the lemure but do no damage.
The lemure is lightly wounded.
You fade into invisibility!
Your butterfly disappears in a burst of colours!
The lemure hits you.
* * * LOW HITPOINT WARNING * * *
Pikel hits you with a +2 whip of freezing!
* * * LOW HITPOINT WARNING * * *
Pikel freezes you.
You die...
Your body crumbles into a pile of gold.

,,,*****,***,*
*,* ,,** *,*
*,* *,* ,,*
*,* #,* *,*
*** *,* #$*
*,* * *,**#.#*
******,* *
*,**,..#*
*,,,,,,*
*,,,**#.#*
*,******
#*,,** *#5##
*,* *.,** *#@#
*,* *#.* #K#
*,* #.#* ##.#
*,* *#.#*
##.## *,*
#..###.## *,*
#.#...## *,*
#.##.## ***,*
**** #.##.#
*,,<* ,,,*
#..<.# *,***


You could see Pikel (unable to see you, weak-willed) and a lemure (unable to see
you, weak-willed).

Vanquished Creatures
  Grinder (D:3)
  3 lemures (D:5)
  A jelly (D:3)
  Jessica (D:3)
  2 iguanas
  An orc wizard (D:4)
  Terence (D:3)
  Natasha (thrice) (D:3)
  2 gnolls (D:4)
  5 adders
  A worm (D:4)
  3 dart slugs
  12 orcs (D:4)
  A bat (D:1)
  10 endoplasms
  A giant cockroach (D:1)
  4 goblins
  13 hobgoblins
  4 jackals (D:1)
  5 quokkas
  7 ball pythons
  15 kobolds
  3 rats
99 creatures vanquished.

Vanquished Creatures (others)
  13 plants
13 creatures vanquished.

Grand Total: 112 creatures vanquished

Notes
Turn   | Place    | Note
-------+----------+-------------------------------------------
     0 | D:1      | tkbsonic5 the Minotaur Hunter began the quest for the Orb.
     0 | D:1      | Reached XP level 1. HP: 18/18 MP: 0/0
   134 | D:1      | Reached skill level 1 in Armour
   136 | D:1      | Reached XP level 2. HP: 21/25 MP: 1/1
   625 | D:1      | Found a faded altar of an unknown god.
   943 | D:2      | Reached XP level 3. HP: 20/31 MP: 2/2
  1093 | D:2      | Learned a level 1 spell: Shock
  1122 | D:2      | You fall into a shaft and drop 1 floor!
  1126 | D:3      | Noticed Terence
  1128 | D:3      | Noticed Jessica
  1146 | D:3      | Killed Terence
  1147 | D:3      | Reached skill level 5 in Ranged Weapons
  1147 | D:3      | Reached XP level 4. HP: 28/38 MP: 3/3
  1153 | D:3      | Killed Jessica
  1162 | D:3      | Found an opulent altar of Gozag.
  1167 | D:3      | Became a worshipper of Gozag Ym Sagoz the Greedy
  1391 | D:3      | Noticed Natasha
  1392 | D:3      | Noticed Grinder
  1393 | D:3      | Reached XP level 5. HP: 46/46 MP: 4/4
  1412 | D:3      | Paralysed by Grinder for 2 turns
  1434 | D:3      | Killed Natasha
  1441 | D:3      | Killed Grinder
  1442 | D:3      | Reached skill level 1 in Spellcasting
  1442 | D:3      | Reached skill level 1 in Conjurations
  1442 | D:3      | Reached skill level 1 in Air Magic
  1442 | D:3      | Reached XP level 6. HP: 12/53 MP: 4/6
  1498 | D:3      | Noticed Natasha
  1501 | D:3      | Killed Natasha
  1903 | D:3      | Noticed Natasha
  1925 | D:3      | Killed Natasha
  2234 | D:3      | Learned a level 2 spell: Poisonous Vapours
  2238 | D:3      | Learned a level 3 spell: Swiftness
  2656 | D:4      | Found Okhluoresm's Gadget Gallery.
  2766 | D:4      | Bought a wand of iceblast (7) for 218 gold pieces
  2961 | D:4      | Reached XP level 7. HP: 54/60 MP: 7/7
  3362 | D:4      | Bought a piece from Xom's chessboard (15/15) for 260 gold
                  | pieces
  3413 | D:4      | Reached skill level 1 in Short Blades
  3537 | D:4      | Reached skill level 5 in Fighting
  3805 | D:5      | Entered Level 5 of the Dungeon
  3940 | D:5      | Noticed Pikel
  3981 | D:5      | HP: 1/61 [Pikel/+2 whip of freezing (8)]
  3981 | D:5      | Slain by Pikel

Illustrated notes

Levels and vault maps discovered:
D:1:      minmay_arrival_four_houses, layout_basic,
          dreamdust_ecumenical_altar_grove, serial_curves, eino_curves_02,
          eino_curves_03, eino_curves_02, eino_curves_02
D:2:      layout_rooms
D:3:      layout_loops_ring, mainiacjoe_overflow_brackets,
          serial_bayou_lagoon_b, uniq_grinder, uniq_jessica, uniq_terence,
          uniq_natasha
D:4:      corexii_shantytown, layout_loops_ring, nicolae_shop_gadgets
D:5:      lemuel_ratsnest, layout_loops_ring, uniq_pikel

Skill      XL: |  1  2  3  4  5  6  7 |
---------------+----------------------+-----
Armour         | 1 2 3 4 |  4.0
Fighting       | 3 4 5 |  5.0
Ranged Weapons | 5 |  5.9
Spellcasting   | 1 |  1.2
Conjurations   | 1 |  1.2
Air Magic      | 1 |  1.3
Short Blades   | 1 |  1.0
Polearms       | |  0.1
Dodging        | |  2.6
Stealth        | |  0.7
Poison Magic   | |  0.2
Evocations     | |  0.4

Action                   |  1- 3 |  4- 6 |  7- 9 || total
-------------------------+-------+-------+-------++-------
Melee: Headbutt          |     4 |    10 |     9 ||    23
       Whip              |     1 |       |       ||     1
       Dagger            |     1 |       |       ||     1
       Short sword       |     8 |    36 |    45 ||    89
       Punch             |       |     1 |       ||     1
 Fire: Shortbow          |    74 |   154 |    58 ||   286
Evoke: Wand              |       |     4 |       ||     4
  Use: Scroll            |     4 |     3 |     7 ||    14
       Potion            |     1 |     8 |     8 ||    17
 Stab: Invisible         |       |     1 |     1 ||     2
Armor: Leather armour    |    17 |    16 |     9 ||    42
Dodge: Dodged            |    44 |    26 |    58 ||   128
